 Dungeon Crawl Stone Soup version 0.22-a0-21-g9421e3f (webtiles) character file.

24 urgleburgle the Grave Robber (level 3, 0/26 HPs)
             Began as a Hill Orc Necromancer on Jan 3, 2018.
             Slain by a rat (2 damage)
             ... on level 2 of the Dungeon.
             The game lasted 00:06:21 (1051 turns).

urgleburgle the Grave Robber (Hill Orc Necromancer) Turns: 1051, Time: 00:06:21

Health: 0/26       AC:  2    Str: 11    XL:     3   Next: 2%
Magic:  2/5        EV: 12    Int: 15    God:
Gold:   67         SH:  0    Dex: 11    Spells: 4/5 levels left

rFire    . . .     SeeInvis .   j - +0 spear
rCold    . . .     Gourm    .   (no shield)
rNeg     . . .     Faith    .   a - +0 robe
rPois    .         Spirit   .   (no helmet)
rElec    .         Reflect  .   (no cloak)
rCorr    .         Harm     .   (no gloves)
MR       .....                  (no boots)
Stlth    ++........             (no amulet)
HPRegen  0.08/turn              i - ring of flight
MPRegen  0.09/turn              (no ring)

@: lethally poisoned (0 -> -9)
A: no striking features
a: Evoke Flight


You were on level 2 of the Dungeon.
You were not hungry.

You visited 1 branch of the dungeon, and saw 2 of its levels.

You collected 67 gold pieces.

Inventory:

Hand Weapons
 d - a +0 dagger
 j - a +0 spear (weapon)
Armour
 a - a +0 robe (worn)
Jewellery
 i - a ring of flight (left hand)
Scrolls
 h - 2 scrolls of teleportation
 k - a scroll of identify {unknown}
 m - a scroll of fog {unknown}
Potions
 e - 2 potions of degeneration {unknown}
 f - a potion of resistance {unknown}
 g - a potion of cancellation {unknown}
 l - a potion of haste {unknown}
Books
 b - a book of Necromancy

   Spells                             Type                      Level
   a - Pain                           Necromancy                   1
   b - Animate Skeleton               Necromancy                   1
   c - Vampiric Draining              Necromancy                   3
   d - Regeneration                   Charms/Necromancy            3
   e - Animate Dead                   Necromancy                   4
   f - Borgnjor's Vile Clutch         Necromancy/Earth             5
Comestibles
 c - 2 rations


   Skills:
 * Level 0.5 Polearms
 + Level 1.8 Dodging
 + Level 1.6 Stealth
 + Level 1.7 Spellcasting
 + Level 4.5 Necromancy


You had 4 spell levels left.
You knew the following spells:

 Your Spells              Type           Power        Failure   Level  Hunger
a - Pain                  Necr           ##..         3%          1    ##.....


Dungeon Overview and Level Annotations

Branches:
Dungeon (2/15)

Altars:


Message History

You feel sick. The adder completely misses you. The rat completely misses you.
The adder barely misses you.
You hit the adder but do no damage.
The adder is heavily wounded.
The rat barely misses you. The adder bites you.
You closely miss the adder.
The adder is heavily wounded.
The adder barely misses you. The rat bites you. The adder bites you.
* * * LOW HITPOINT WARNING * * *
You are lethally poisoned!
The adder poisons you!
You hit the adder but do no damage.
The adder is moderately wounded.
* * * LOW HITPOINT WARNING * * *
You feel sick. The rat completely misses you. The adder completely misses you.
You miss the adder.
The adder is moderately wounded.
* * * LOW HITPOINT WARNING * * *
You feel sick. The rat bites you.
You die...

+.....( #.#......
.##...... #.#......
#.....).########.#......
#.....(........'......
#.#.#.##########......
#.####### #......
#.......# #......
#.†.....# #....>.
#@......# #######
#Sr.....# #.......#
#.......# #.......#
#.......# #.###.#.. ..#
.###


You could see an adder and a rat.

Vanquished Creatures
  A worm (D:2)
  A giant cockroach (D:1)
  5 goblins (D:1)
  A hobgoblin (D:1)
  7 kobolds
  A ball python (D:1)
  2 bats
  4 rats (D:1)
22 creatures vanquished.

Notes
Turn   | Place    | Note
-------+----------+-------------------------------------------
     0 | D:1      | urgleburgle the Hill Orc Necromancer began the quest for the Orb.
     0 | D:1      | Reached XP level 1. HP: 14/14 MP: 3/3
   293 | D:1      | Reached XP level 2. HP: 19/20 MP: 1/4
  1017 | D:2      | Reached XP level 3. HP: 22/26 MP: 2/5
  1051 | D:2      | Slain by a rat

Vault maps used:
D:1:      elethiomel_arrival_quiet
D:2:      nicolae_qazlal_general_emergency

Action                   || total
-------------------------++-------
Melee: Dagger            ||     3
       Spear             ||    14
 Cast: Pain              ||    32
  Use: Scroll            ||     2
 Stab: Sleeping          ||     2
  Eat: Ration            ||     1
Armor: Robe              ||     3
Dodge: Dodged            ||    12

Table legend:
 A = Spawn XP
 B = Non-spawn XP
 C = Spawn XP percentage of total XP
 D = Spawn monster count
 E = Non-spawn monster count
 F = Spawn count percentage of total count
 G = Total turns spent on level
                    A         B        C        D         E        F      G
               +---------+---------+-------+---------+---------+-------+---------
         Total |       0 |      35 |   0.0 |       0 |      22 |   0.0 |  1051
               +---------+---------+-------+---------+---------+-------+---------
           D:1 |       0 |      26 |   0.0 |       0 |      18 |   0.0 |   924
           D:2 |       0 |       9 |   0.0 |       0 |       4 |   0.0 |   127
               +---------+---------+-------+---------+---------+-------+---------
